 Dungeon Crawl Stone Soup version 0.29.0-4-gdea44cf6ec (webtiles) character file.

Game seed: 13320067688201284433

1965 qw the Cleaver (level 9, -3/54 HPs)
             Began as a Tengu Warper on Aug 28, 2022.
             Succumbed to a water moccasin's poison
             ... on level 7 of the Dungeon.
             The game lasted 00:00:46 (6210 turns).

qw the Cleaver (Tengu Warper)                       Turns: 6210, Time: 00:00:46

Health: -3/54      AC: 17    Str: 16    XL:     9   Next: 19%
Magic:  13/13      EV:  8    Int: 14    God:
Gold:   308        SH:  5    Dex: 13    Spells: 12/12 levels left

rFire   + + .      SeeInvis .   Y - +1 hand axe (protect)
rCold   . . .      Faith    .   (no shield)
rNeg    . . .      Spirit   .   g - +0 chain mail
rPois   .          Reflect  +   (helmet restricted)
rElec   .          Harm     .   (no cloak)
rCorr   .          Rampage  .   a - +0 pair of gloves
Will    .....                   (boots unavailable)
Stlth   ..........              p - amulet of reflection
HPRegen 0.18/turn               h - ring of protection from fire
MPRegen 0.13/turn               n - ring of protection from fire

@: lethally poisoned (-3 -> -29), under a protective aura, flying quickly and
evasively, quick
A: beak, talons 3, nimble flight
a: no special abilities


You were on level 7 of the Dungeon.
You visited 1 branch of the dungeon, and saw 7 of its levels.
You also visited: Ossuary.

You collected 308 gold pieces.


Innate Abilities, Weirdness & Mutations

You have a beak for a mouth.
You have claws for feet.
Your magical nature lets you fly swiftly and evasively.


   Skills:
 - Level 5.0 Fighting
 - Level 11.2 Axes
 - Level 1.0 Throwing
 - Level 4.0 Armour
 + Level 2.1 Dodging
 - Level 2.0 Spellcasting
 - Level 2.4 Translocations


You had 12 spell levels left.
You didn't know any spells.
Your spell library contained the following spells:

 Spells                   Type           Power      Damage    Failure   Level
 Blink                    Tloc           16%        N/A       91%         2
 Gell's Gravitas          Tloc           8%         N/A       99%         3
 Lesser Beckoning         Tloc           8%         N/A       99%         3
 Teleport Other           Tloc           8%         N/A       99%         3
 Manifold Assault         Tloc           8%         N/A       100%        5

Inventory:

Hand Weapons
 f - a +0 flail of draining
 Y - a +1 hand axe of protection (weapon)
Missiles
 d - 2 boomerangs (quivered)
Armour
 a - a +0 pair of gloves (worn)
 g - a +0 chain mail (worn)
Jewellery
 h - a ring of protection from fire (left hand)
 n - a ring of protection from fire (right hand)
 p - an amulet of reflection (around neck)
Scrolls
 b - a scroll of identify
 c - a scroll of fear {unknown}
Potions
 e - a potion of haste
 i - a potion of mutation
 j - a potion of resistance {unknown}
 k - a potion of flight {unknown}
 l - a potion of curing

Dungeon Overview and Level Annotations

Branches:
Dungeon (7/15)            Ossuary (visited)
 Temple: D:4-7

Altars:

Shops:
D:6 (

Annotations:
D:2 1 runed translucent door, Crazy Yiuf


Message History

The water moccasin bites you but does no damage. x2
You hit the water moccasin. Your peck misses the water moccasin.
The water moccasin is moderately wounded.
You closely miss the water moccasin. The water moccasin closely misses you.
You block the water moccasin's attack.
You hit the water moccasin. Your kick misses the water moccasin.
The water moccasin is severely wounded.
You hit the water moccasin. The water moccasin barely misses you.
You block the water moccasin's attack.
The water moccasin bites you but does no damage.
You closely miss the water moccasin. Your kick misses the water moccasin.
The water moccasin is severely wounded.
You hit the water moccasin but do no damage.
You block the water moccasin's attack.
The water moccasin bites you but does no damage.
You closely miss the water moccasin.
The water moccasin is severely wounded.
You hit the water moccasin. The water moccasin barely misses you.
The water moccasin bites you.
You hit the water moccasin. Your kick misses the water moccasin.
Your peck misses the water moccasin.
The water moccasin is severely wounded.
You closely miss the water moccasin.
The water moccasin bites you but does no damage. x2
You barely miss the water moccasin. Your kick misses the water moccasin.
The water moccasin is severely wounded.
You miss the water moccasin.
The water moccasin bites you but does no damage.
You hit the water moccasin. Your kick misses the water moccasin.
The water moccasin is almost dead.
You barely miss the water moccasin. The water moccasin bites you.
You are lethally poisoned!
The water moccasin poisons you! The water moccasin bites you!
You are more poisoned.
The water moccasin poisons you!
You closely miss the water moccasin. Your kick misses the water moccasin.
The water moccasin is almost dead.
You closely miss the water moccasin.
You die...

### #.. #.# #.#### #.#..
#.#.# ### #...# ...
#####S#.# ....
##....@#.###### ....
######.....S........
.....#........###.#######
.....#.###...# #.#
........##...# ..+
....##..#....# ###
........#..#.#
.......##....#
........#.####


You could see 2 water moccasins.

Vanquished Creatures
  Pikel (D:7)
  A steam dragon (D:6)
  An ice beast (D:5)
  An elf zombie (Ossuary)
  3 scorpions (D:5)
  2 necrophages
  2 elf skeletons (D:5)
  3 wights (D:6)
  3 centaur zombies (Ossuary)
  A gnoll bouda (D:6)
  3 jellies
  2 hounds
  An orc priest (D:6)
  3 iguanas
  2 human skeletons (D:5)
  2 mummies (Ossuary)
  4 gnolls (D:6)
  4 adders
  A shadow imp (D:6)
  An ufetubus (D:5)
  2 adder zombies (Ossuary)
  A worm (D:3)
  4 dart slugs
  6 orcs
  6 endoplasms
  3 giant cockroaches
  8 goblins
  5 hobgoblins
  5 kobolds
  8 quokkas
  6 ball pythons
  6 bats
  2 frilled lizards
  14 hobgoblin zombies (Ossuary)
  A jackal zombie (Ossuary)
  6 kobold zombies (Ossuary)
  2 orc skeletons (D:5)
  7 orc zombies (Ossuary)
  4 rats
  3 rat zombies (Ossuary)
140 creatures vanquished.

Notes
Turn   | Place    | Note
-------+----------+-------------------------------------------
     0 | D:1      | qw the Tengu Warper began the quest for the Orb.
     0 | D:1      | Reached XP level 1. HP: 12/12 MP: 4/4
     0 | D:1      | 0 ||| qw: Version: 0.1-a-89-g26bdef1
     0 | D:1      | 0 ||| qw: Game counter: 679
     0 | D:1      | 0 ||| qw: Always use a shield: true
     0 | D:1      | 0 ||| qw: God list: Okawaru
     0 | D:1      | 0 ||| qw: Allow faded altars: false
     0 | D:1      | 0 ||| qw: Do Orc after D:15 true
     0 | D:1      | 0 ||| qw: Do second Lair branch before Depths: true
     0 | D:1      | 0 ||| qw: Lair rune preference: random
     0 | D:1      | 0 ||| qw: Plans: Normal
     0 | D:1      | 0 ||| PLANNING D:1-11
   192 | D:1      | Reached XP level 2. HP: 17/17 MP: 6/6
   225 | D:1      | Reached skill level 3 in Axes
   480 | D:1      | 480 ||| Stepping ~*~*~tactically~*~*~ (stealth).
   505 | D:1      | 505 ||| Stepping ~*~*~tactically~*~*~ (hiding).
   832 | D:1      | 832 ||| READING scroll labelled FISEGG MOGHOLO.
   833 | D:1      | 833 ||| READING 4 scrolls labelled BUMIDU JURA.
   834 | D:1      | 834 ||| READING scroll labelled ITIOMY OTSYLOL.
   835 | D:1      | 835 ||| READING scroll labelled HORRAPS UBEPT.
   836 | D:1      | 836 ||| DROPPING scroll of blinking.
   837 | D:1      | 837 ||| DROPPING 3 scrolls of fog.
   911 | D:2      | Reached XP level 3. HP: 21/21 MP: 7/7
   927 | D:2      | 927 ||| FLEEEEING.
   928 | D:2      | 928 ||| STAIRDANCE
  1037 | D:2      | 1037 ||| FLEEEEING.
  1038 | D:2      | 1038 ||| FLEEEEING.
  1041 | D:2      | 1041 ||| STAIRDANCE
  1092 | D:2      | 1092 ||| DROPPING +0 club.
  1099 | D:2      | Reached skill level 4 in Axes
  1104 | D:2      | 1104 ||| Stepping ~*~*~tactically~*~*~ (stealth).
  1107 | D:2      | 1107 ||| Stepping ~*~*~tactically~*~*~ (stealth).
  1119 | D:2      | 1119 ||| Stepping ~*~*~tactically~*~*~ (hiding).
  1233 | D:2      | 1233 ||| DROPPING +2 hand axe of holy wrath.
  1465 | D:2      | Found a runed translucent door.
  1466 | D:2      | Noticed Crazy Yiuf
  1628 | D:2      | 1628 ||| UPGRADING to +0 scale mail.
  1638 | D:2      | 1638 ||| DROPPING +0 leather armour.
  1639 | D:2      | 1639 ||| UPGRADING to ring of protection from fire.
  1640 | D:2      | 1640 ||| READING scroll labelled SUUTAY EFIXE.
  1641 | D:2      | 1641 ||| READING scroll labelled VEXTATRALO.
  1803 | D:3      | Reached XP level 4. HP: 22/26 MP: 8/8
  2094 | D:3      | Reached skill level 5 in Axes
  2159 | D:3      | Noticed a necrophage
  2171 | D:3      | Killed a necrophage
  2172 | D:3      | Gained mutation: Your magical nature lets you fly swiftly
                  | and evasively. [Tengu growth]
  2172 | D:3      | Reached XP level 5. HP: 22/30 MP: 9/9
  2488 | D:3      | 2488 ||| UPGRADING to ring of protection from fire.
  2489 | D:3      | 2489 ||| READING scroll labelled WAINARASEC.
  2490 | D:3      | 2490 ||| READING scroll labelled FAGUYR XUGRUBB.
  2526 | D:4      | 2526 ||| STAIRDANCE
  2535 | D:4      | 2535 ||| STAIRDANCE
  2681 | D:4      | 2681 ||| FLEEEEING.
  2682 | D:4      | 2682 ||| FLEEEEING.
  2687 | D:4      | 2687 ||| FLEEEEING.
  2688 | D:4      | 2688 ||| FLEEEEING.
  2694 | D:4      | 2694 ||| FLEEEEING.
  2695 | D:4      | 2695 ||| FLEEEEING.
  2697 | D:4      | 2697 ||| FLEEEEING.
  2698 | D:4      | 2698 ||| FLEEEEING.
  2699 | D:4      | 2699 ||| FLEEEEING.
  2700 | D:4      | 2700 ||| FLEEEEING.
  2701 | D:4      | 2701 ||| FLEEEEING.
  2712 | D:4      | 2712 ||| FLEEEEING.
  2715 | D:4      | 2715 ||| STAIRDANCE
  2870 | D:3      | 2870 ||| READING scroll labelled ZOUCHERAPS.
  2871 | D:3      | 2871 ||| READING scroll labelled FULIETTIBIXT.
  2971 | D:4      | Reached skill level 6 in Axes
  3136 | D:4      | 3136 ||| UPGRADING to amulet of reflection.
  3141 | D:4      | 3141 ||| READING scroll labelled YCZIGU ZUERCH.
  3142 | D:4      | 3142 ||| DRINKING 2 white potions.
  3143 | D:4      | 3143 ||| DRINKING 2 orange potions.
  3144 | D:4      | 3144 ||| DROPPING potion of degeneration.
  3145 | D:4      | 3145 ||| DROPPING potion of attraction.
  3176 | D:5      | Entered Level 5 of the Dungeon
  3177 | D:5      | 3177 ||| PLANNING OSSUARY
  3258 | D:5      | Reached skill level 7 in Axes
  3258 | D:5      | Reached XP level 6. HP: 31/35 MP: 10/10
  3377 | D:5      | 3377 ||| Stepping ~*~*~tactically~*~*~ (stealth).
  3380 | D:5      | Reached skill level 3 in Fighting
  3380 | D:5      | 3380 ||| Stepping ~*~*~tactically~*~*~ (stealth).
  3381 | D:5      | 3381 ||| Stepping ~*~*~tactically~*~*~ (stealth).
  3648 | D:5      | Reached XP level 7. HP: 41/41 MP: 11/11
  3760 | D:5      | Reached skill level 8 in Axes
  3776 | D:5      | Found a sand-covered staircase.
  3791 | Ossuary  | Entered an ossuary
  3906 | Ossuary  | Reached skill level 9 in Axes
  4097 | Ossuary  | 4097 ||| DRINKING 2 cyan potions.
  4198 | Ossuary  | 4198 ||| READING 2 scrolls of identify.
  4198 | Ossuary  | 4198 ||| IDENTIFYING sedimented grey potion
  4199 | Ossuary  | 4199 ||| DROPPING potion of ambrosia.
  4213 | D:5      | 4213 ||| PLANNING D:1-11
  4340 | D:5      | Reached XP level 8. HP: 32/48 MP: 12/12
  4589 | D:5      | 4589 ||| UPGRADING to +0 chain mail.
  4599 | D:5      | 4599 ||| DROPPING +0 scale mail.
  4600 | D:5      | 4600 ||| DRINKING 2 red potions.
  4640 | D:6      | HP: 10/48 [orc/+0 hand axe (3)]
  4641 | D:6      | 4641 ||| DRINKING potion of heal wounds.
  4648 | D:6      | Reached skill level 3 in Armour
  4662 | D:6      | 4662 ||| FLEEEEING.
  4663 | D:6      | 4663 ||| FLEEEEING.
  4664 | D:6      | 4664 ||| STAIRDANCE
  4797 | D:6      | 4797 ||| DROPPING +0 whip.
  4838 | D:6      | Found Jenap's Weapon Shop.
  5175 | D:6      | 5175 ||| Stepping ~*~*~tactically~*~*~ (hiding).
  5188 | D:6      | Reached skill level 10 in Axes
  5404 | D:6      | 5404 ||| Stepping ~*~*~tactically~*~*~ (stealth).
  5411 | D:6      | 5411 ||| Stepping ~*~*~tactically~*~*~ (stealth).
  5421 | D:6      | 5421 ||| Stepping ~*~*~tactically~*~*~ (stealth).
  5437 | D:6      | HP: 10/47 [wight/+3 dagger (5)]
  5438 | D:6      | 5438 ||| READING scroll of teleportation.
  5689 | D:6      | 5689 ||| Stepping ~*~*~tactically~*~*~ (stealth).
  5698 | D:6      | 5698 ||| FLEEEEING.
  5699 | D:6      | 5699 ||| FLEEEEING.
  5700 | D:6      | 5700 ||| FLEEEEING.
  5701 | D:6      | 5701 ||| FLEEEEING.
  5702 | D:6      | 5702 ||| FLEEEEING.
  5710 | D:6      | 5710 ||| STAIRDANCE
  5743 | D:5      | 5743 ||| UPGRADING to +0 pair of gloves.
  5748 | D:5      | 5748 ||| DRINKING 2 purple potions.
  5749 | D:5      | 5749 ||| READING 3 scrolls of identify.
  5749 | D:5      | 5749 ||| IDENTIFYING dark potion
  5750 | D:5      | 5750 ||| READING 2 scrolls of identify.
  5750 | D:5      | 5750 ||| IDENTIFYING murky brown potion
  5751 | D:5      | 5751 ||| DROPPING potion of brilliance.
  5759 | D:6      | 5759 ||| STAIRDANCE
  5811 | D:6      | 5811 ||| DROPPING +0 flail.
  5844 | D:6      | 5844 ||| Stepping ~*~*~tactically~*~*~ (stealth).
  6181 | D:7      | Noticed Pikel
  6185 | D:7      | 6185 ||| Stepping ~*~*~tactically~*~*~ (stealth).
  6200 | D:7      | Killed Pikel
  6201 | D:7      | Reached skill level 11 in Axes
  6201 | D:7      | Reached XP level 9. HP: 15/54 MP: 13/13
  6206 | D:7      | HP: 13/54 [water moccasin (3)]
  6209 | D:7      | HP: 1/54 [water moccasin (7)]
  6210 | D:7      | Succumbed to a water moccasin's poison

Levels and vault maps discovered:
D:1:      dpeg_arrival_water_temple_mockup, layout_basic
D:2:      layout_rooms, uniq_crazy_yiuf_cottage
D:3:      layout_basic
D:4:      layout_rooms
D:5:      layout_loops_cross, nicolae_ossuary_entry_catacombs
D:6:      layout_cave_pools, serial_shops, nicolae_shop_bloodbath_and_beyond
D:7:      lemuel_ice_statue, layout_basic, nicolae_gozag_zags_fifth_avenue,
          lemuel_crystal_altar, minmay_temple_entry_crystal_x, uniq_maggie,
          uniq_menkaure, uniq_pikel

Skill      XL: |  1  2  3  4  5  6  7  8 |
---------------+-------------------------+-----
Axes           | 3 4 5 7 9 11 | 11.2
Fighting       | 3 4 5 |  5.0
Armour         | 2 4 |  4.0
Throwing       | |  1.0
Dodging        | |  2.1
Spellcasting   | |  2.0
Translocations | |  2.4

Action                   |  1- 3 |  4- 6 |  7- 9 || total
-------------------------+-------+-------+-------++-------
Melee: Hand axe          |    95 |    87 |   288 ||   470
       Kick              |    23 |    27 |   104 ||   154
       Peck              |     8 |    11 |    44 ||    63
       Punch             |       |     1 |     3 ||     4
Throw: Boomerang         |     7 |    49 |    36 ||    92
  Use: Scroll            |     6 |     5 |     4 ||    15
       Potion            |       |     2 |     4 ||     6
Armor: Leather armour    |    38 |       |       ||    38
       Scale mail        |     5 |    26 |    53 ||    84
       Chain mail        |       |       |    68 ||    68
Dodge: Dodged            |    52 |    53 |   122 ||   227
Block: Other             |       |     6 |    76 ||    82

Table legend:
 A = Non-vault XP
 B = Vault XP
 C = Vault XP percentage of total XP
 D = Non-vault monster count
 E = Vault monster count
 F = Vault count percentage of total count
                 A         B        C        D         E       F
            +---------+---------+-------+---------+---------+-------
      Total |    1603 |    1205 |  42.9 |      94 |      46 |  32.9
            +---------+---------+-------+---------+---------+-------
        D:1 |      30 |       0 |   0.0 |      15 |       0 |   0.0
        D:2 |      43 |       0 |   0.0 |      20 |       0 |   0.0
        D:3 |     131 |       0 |   0.0 |      15 |       0 |   0.0
        D:4 |      65 |       0 |   0.0 |      13 |       0 |   0.0
        D:5 |     509 |     228 |  30.9 |       9 |       6 |  40.0
        D:6 |     825 |       0 |   0.0 |      22 |       0 |   0.0
        D:7 |       0 |     663 | 100.0 |       0 |       1 | 100.0
    Ossuary |       0 |     314 | 100.0 |       0 |      39 | 100.0
            +---------+---------+-------+---------+---------+-------
